 Dungeon Sprint DCSS version 0.29-a0-330-g52719c12eb (webtiles) character file.

Game seed: 4354411347176711718

28 wakim the Gusty (level 3, 0/19 HPs)
             Began as a Tengu Air Elementalist on May 30, 2022.
             Slain by a worm (10 damage)
             ... in the Dungeon (Sprint IX: "|||||||||||||||||||||||||||||").
             The game lasted 00:01:12 (89 turns).

wakim the Gusty (Tengu Air Elementalist)              Turns: 89, Time: 00:01:13

Health: 0/19       AC:  2    Str:  8    XL:     3   Next: 12%
Magic:  0/8        EV: 13    Int: 17    God:
Gold:   0          SH:  0    Dex: 14    Spells: 5/8 levels left

rFire   . . .      SeeInvis .   a - +0 spear
rCold   . . .      Faith    .   (no shield)
rNeg    . . .      Spirit   .   Z - +0 robe
rPois   .          Reflect  .   (helmet restricted)
rElec   .          Harm     .   (no cloak)
rCorr   .          Rampage  .   (no gloves)
Will    .....      NoTele   +   (boots unavailable)
Stlth   ++........              (no amulet)
HPRegen 0.06/turn               (no ring)
MPRegen 0.11/turn               (no ring)

@: no status effects
A: beak, talons 3
a: no special abilities


You were in the Dungeon.
You visited 1 branch

Inventory:

Hand Weapons
 a - a +0 spear (weapon)
Armour
 Z - a +0 robe (worn)
Scrolls
 Y - a scroll of blinking {!r}
Potions
 C - a potion of berserk rage {!q}
 F - a potion of curing
 H - a potion of haste
 J - a potion of heal wounds
 K - 3 potions of magic


   Skills:
 + Level 3.5 Dodging
 + Level 3.4 Stealth
 + Level 3.0 Spellcasting
 + Level 3.5 Conjurations
 + Level 5.3 Air Magic


You had 5 spell levels left.
You knew the following spells:

 Your Spells              Type           Power      Damage    Failure   Level
a - Shock                 Conj/Air       68%        1d7       2%          1
d - Static Discharge      Conj/Air       17%        N/A       4%          2

Your spell library contained the following spells:

 Spells                   Type           Power      Damage    Failure   Level
 Swiftness                Air            20%        N/A       6%          3
 Airstrike                Air            10%        N/A       21%         4


Dungeon Overview and Level Annotations

Branches:
Dungeon (1/1)

Altars:


Innate Abilities, Weirdness & Mutations

You have a beak for a mouth.
You have claws for feet.


Message History

The zap hits the ice beast.
The ice beast is heavily wounded.
Casting: Shock (safe; 3% risk of failure)
Confirm with . or Enter, or press ? or * to list all spells.
Aiming: Shock (safe; 3% risk of failure)
Press: ? - help, Shift-Dir - straight line, f/p - worm
Aim: a worm (severely wounded, 90% to hit)
The zap hits the worm.
The worm is almost dead.
The zap hits the adder.
You kill the adder!
The zap hits the adder.
The adder is almost dead.
The zap hits the ice beast.
The ice beast is heavily wounded.
Your Spellcasting skill increases to level 3!
You have reached level 3!
Your experience leads to an increase in your attributes!
Increase (S)trength, (I)ntelligence, or (D)exterity?
You feel clever. x2 10/19 (+2)
Okay, then.
Unknown command.
Reach: a) +0 spear
Press: ? - help, Dir - move target, f/p - worm
Aim: a worm (almost dead, about 21% to evade your +0 spear)
You reach to attack!
You barely miss the worm.
The worm is almost dead.
Casting: Shock (safe; 2% risk of failure)
Confirm with . or Enter, or press ? or * to list all spells.
You don't have enough magic to cast this spell.
Unknown command.
Unknown command.
You hit the worm but do no damage.
The worm is severely wounded.
You completely miss the worm.
The worm is severely wounded.
The worm bites you!
Ouch! That really hurt!
You die...

▓'▓
▓.▓
▓.▓
▓.▓
▓†▓
▓Y▓
▓S▓
▓w▓
▓@▓
▓.▓
▓<▓
▓▓▓


You could see an ice beast, a worm and an adder.

Vanquished Creatures
  An adder (D)
  A gnoll (D)
  A dart slug (D)
  An orc (D)
  An endoplasm (D)
  A hobgoblin (D)
  A frilled lizard (D)
7 creatures vanquished.

Notes
Turn   | Place    | Note
-------+----------+-------------------------------------------
     0 | D        | wakim the Tengu Air Elementalist began the quest for the
                  | Orb.
     0 | D        | Reached XP level 1. HP: 10/10 MP: 4/4
    13 | D        | Reached XP level 2. HP: 15/15 MP: 0/6
    73 | D        | Learned a level 2 spell: Static Discharge
    73 | D        | Noticed an ice beast
    80 | D        | Reached skill level 5 in Air Magic
    87 | D        | Reached XP level 3. HP: 10/19 MP: 0/8
    89 | D        | Slain by a worm

Illustrated notes

Levels and vault maps discovered:
D:        linesprint [early_d, line_temple, items_1, d_10, items_2, lair_1,
          lair_end, items_3, orc_1, orc_end, items_4, d_15, swamp_1, shoals_1,
          snake_1, spider_1, d_20, vaults_1, items_5, swamp_end, shoals_end,
          snake_end, spider_end, vaults_end, d_27, items_6, zot_1, zot_end,
          crypt_end, forest_end, elf_end, slime_end, tomb_end, abyss_end,
          pan_hell_end]

Skill      XL: |  1  2 |
---------------+-------+-----
Conjurations   | 3 |  3.5
Dodging        | 3 |  3.5
Stealth        | 3 |  3.4
Air Magic      | 5 |  5.3
Spellcasting   | 3 |  3.0

Action                   || total
-------------------------++-------
Melee: Unarmed           ||     1
       Kick              ||     1
       Spear             ||     3
 Cast: Shock             ||     9
       Static Discharge  ||     1
Dodge: Dodged            ||     3

Table legend: (Time is in decaauts)
 A = Elapsed time spent in this place.
 B = Non-inter-level travel time spent in this place.
 C = Inter-level travel time spent in this place.
 D = Time resting spent in this place.
 E = Time spent auto-exploring this place.
 F = Levels seen in this place.
 G = Mean time per level.
                   A        B        C        D        E       F      G
               +--------+--------+--------+--------+--------+-----+--------+
         Total |     88 |     88 |      0 |      0 |     51 |   1 |   88.0 |
       Dungeon |     88 |     88 |      0 |      0 |     51 |   1 |   88.0 |
               +--------+--------+--------+--------+--------+-----+--------+

Top non-repeatable levels by time:
       D: 88 daAuts
